Zazza, neutral female human Tourist ---------- |.........## |.<......| # |.........###`# ---------- # | ### .| # #G.| ####h@ # Zazza the Rambler Experience level: 2 Strength: 13 Dexterity: 8 Constitution: 17 Intelligence: 11 Wisdom: 8 Charisma: 18 Health: 0(25) Energy: 8(8) Def: 0 Gold: 1038 Moves: 1673 Dungeon seed: 57I_Cb_xyB2pBnWD Game ID: Zazza_1536741223 Your Inventory: Coins $ - 1038 gold pieces Amulets C - a cursed amulet of restful sleep Weapons a - 24 +2 darts (in quiver) t - a +0 orcish dagger (weapon in hand) Armor e - an uncursed +0 Hawaiian shirt (being worn) Comestibles b - 4 uncursed eggs c - an uncursed lembas wafer g - an uncursed orange j - 4 uncursed food rations z - 2 uncursed pears Scrolls m - 3 uncursed scrolls of magic mapping s - an uncursed scroll of identify v - an uncursed scroll of destroy armor Spellbooks E - an uncursed spellbook of confuse monster Potions k - an uncursed potion of extra healing p - a cursed potion of object detection w - an uncursed potion of gain energy x - a cursed potion of hallucination Rings B - a cursed ring of teleportation Tools n - an expensive camera (0:64) o - an uncursed credit card D - a blessed wax candle (0:400) Gems q - an uncursed amber stone r - an uncursed worthless piece of blue glass Spells and supernatural/magical abilities: Name Level Category Fail Memory u - confuse monster 2 enchantment 100% 100% W - pray for help -- divine ? -- Your skills at the end: Fighting Skills Weapon Skills dart [Basic] Spellcasting Skills Final Attributes: You were fervently aligned. You are dead. Vanquished creatures: a bugbear a gas spore 2 gnomes a gnome zombie a gecko 8 jackals 3 foxes 2 goblins 3 sewer rats 2 grid bugs 6 lichens 9 newts 39 creatures vanquished. Voluntary challenges: You were an atheist. You used a wielded weapon 21 times, starting on turn 253. You read items or engraved 3 times, starting on turn 759. You never genocided any monsters. You never polymorphed an object. You never changed form. You used no wishes. You never split a pudding. You never wrote Elbereth's name. You never violated your personal moral code. Dungeon overview: The Dungeons of Doom: levels 1 to 2 Level 1 some fountains a long staircase Level 2 stairs to The Gnomish Mines The Gnomish Mines: levels 3 to 6 Level 3 stairs to The Dungeons of Doom Level 4 Level 5 Level 6 <- You were here History has recorded: On T:1 you entered the Dungeons of Doom to retrieve the Amulet of Yendor! On T:672 you reached level 2 of The Dungeons of Doom. On T:1052 you advanced to experience level 2. On T:1391 you reached level 1 of The Gnomish Mines. On T:1559 you reached level 2 of The Gnomish Mines. On T:1609 you reached level 3 of The Gnomish Mines. On T:1640 you reached level 4 of The Gnomish Mines. Score breakdown: Gold: 243 ( 8121 points) Experience: 2 levels ( 5570 points) Exploration: 6 levels ( 12.24%) ( 9682 points) Discoveries: 1 item ( 0.34%) ( 1737 points) Valuables value: (no points given unless you survive) Artifact value: 0 ( 0 points) Variety of kills: 12 monsters ( 3.15%) ( 5324 points) Turncount: 1673 turns ( 0 points) Survival: died (score multiplied by 80%) Total score: 24347 Latest messages: You hear a door open. (2x) The gnomish wizard casts a spell at you! Your brain is on fire! You hit it. The gnomish wizard points all around, then curses. You miss it. (2x) The gnomish wizard points all around, then curses. You are beginning to feel weak. You miss it. The gnomish wizard points at you, then curses. You miss it. The dwarf wields a broad short sword! The gnomish wizard points all around, then curses. The dwarf is blinded by the flash! The gnomish wizard points at you, then curses. The gnomish wizard is blinded by the flash! The gnomish wizard turns to flee! The dwarf thrusts his broad short sword. The dwarf hits! You die... Final status: Aloha Zazza the Tourist, killed by a dwarf... You died in The Gnomish Mines on dungeon level 6 with 24347 points, and 1038 pieces of gold, after 1673 moves. You were level 2 with a maximum of 25 hit points when you died.